 Dungeon Crawl Stone Soup version 0.28.0-47-ge53b351184 (webtiles) character file.

Game seed: 1077400201230403267

647 Gabide the Ducker (level 7, -13/55 HPs)
             Began as a Human Monk on May 8, 2022.
             Was a Believer of Elyvilon.
             Mangled by an ogre
             ... wielding a +0 giant spiked club
              (24 damage)
             ... on level 4 of the Dungeon.
             The game lasted 00:14:34 (9472 turns).

Gabide the Ducker (Human Monk)                      Turns: 9472, Time: 00:14:34

Health: -13/55     AC:  3    Str: 11    XL:     7   Next: 82%
Magic:  9/9        EV: 14    Int: 10    God:    Elyvilon [**....]
Gold:   192        SH:  0    Dex: 18    Spells: 6/6 levels left

rFire   . . .      SeeInvis .   a - +0 mace
rCold   . . .      Faith    .   (no shield)
rNeg    . . .      Spirit   .   b - +0 robe
rPois   .          Reflect  .   (no helmet)
rElec   .          Harm     .   (no cloak)
rCorr   .          Rampage  .   (no gloves)
Will    .....                   o - +0 pair of boots
Stlth   ++........              (no amulet)
HPRegen 0.18/turn               (no ring)
MPRegen 0.11/turn               (no ring)

@: no status effects
A: no striking features
a: Renounce Religion, Purification, Heal Other


You were on level 4 of the Dungeon.
You worshipped Elyvilon.
Elyvilon was pleased with you.
You visited 1 branch of the dungeon, and saw 5 of its levels.

You collected 192 gold pieces.

Inventory:

Hand Weapons
 a - a +0 mace (weapon)
Armour
 b - a +0 robe (worn)
 d - a +0 ring mail
 o - a +0 pair of boots (worn)
Wands
 h - a wand of polymorph (9)
Scrolls
 f - 2 scrolls of teleportation
 i - a scroll of fog
 j - a scroll of magic mapping {unknown}
 k - 2 scrolls of immolation {unknown}
 l - 2 scrolls of brand weapon {unknown}
 n - a scroll of summoning {unknown}
 p - 2 scrolls of identify {unknown}
 q - a scroll of vulnerability {unknown}
 r - a scroll of noise {unknown}
Potions
 c - 2 potions of lignification {unknown}
 e - a potion of might {unknown}
 g - a potion of curing {unknown}
 m - a potion of degeneration {unknown}


   Skills:
 + Level 4.9 Fighting
 + Level 5.0 Maces & Flails
 + Level 5.0 Dodging
 - Level 2.0 Stealth
 + Level 3.9 Invocations


You had 6 spell levels left.
You didn't know any spells.
Your spell library contained the following spells:

 Spells                   Type           Power      Damage    Failure   Level
 Foxfire                  Conj/Fire      0%         2x1d4     36%         1
 Conjure Flame            Conj/Fire      0%         6-21      75%         3
 Inner Flame              Hex/Fire       0%         N/A       75%         3
 Tukima's Dance           Hex            0%         N/A       75%         3
 Flame Wave               Conj/Fire      0%         2d4       98%         4
 Passage of Golubria      Tloc           0%         N/A       98%         4
 Yara's Violent Unravell  Hex/Tmut       0%         3d3       100%        5


Dungeon Overview and Level Annotations

Branches:
Dungeon (5/15)
 Temple: D:4-7

Altars:
Elyvilon


Message History

Ouch! That really hurt!
* * * LOW HITPOINT WARNING * * *
You are too injured to fight recklessly!
You are too injured to fight recklessly!
You are too injured to fight recklessly!
You are too injured to fight recklessly!
You are too injured to fight recklessly!
You are too injured to fight recklessly!
You are too injured to fight recklessly!
You are too injured to fight recklessly!
You are too injured to fight recklessly!
You are too injured to fight recklessly!
You are too injured to fight recklessly!
You are too injured to fight recklessly!
You are too injured to fight recklessly!
You are too injured to fight recklessly!
You are too injured to fight recklessly!
You are too injured to fight recklessly!
You are too injured to fight recklessly!
You are too injured to fight recklessly!
You are too injured to fight recklessly!
You are too injured to fight recklessly!
You are too injured to fight recklessly!
You are too injured to fight recklessly!
You are too injured to fight recklessly!
Okay, then.
Unknown command.
Unknown command.
Unknown command.
Unknown command.
Aiming: Polymorph
Press: ? - help, Shift-Dir - straight line, f - ogre
Aim: an ogre, wielding a +0 giant spiked club (heavily wounded, will become a human, a blink frog, or a swamp drake, chance to affect: 49%)
Okay, then.
Unknown command.
Unknown command.
Unknown command.
Unknown command.
The ogre hits you with a +0 giant spiked club!!
You die...

########## #........#
####........########
..................>##
......O.....##..O#..#
............'...@##.##
)...........#....##..#
#######'######....##.####
######..# #..........####
#...#..## ####...##...#....#
..#....####......####..###.#
..##≈≈.≈≈##.##...#####.###.#
.#.≈≈≈≈≈≈≈.####'##......##.#
#≈≈≈≈≈#≈≈≈≈≈###.##.###..##.##


You could see an ogre.

Vanquished Creatures
  2 ogres
  A phantom (D:5)
  A bullfrog (D:4)
  A water moccasin skeleton (D:4)
  A hound (D:4)
  A jelly (D:3)
  A centaur skeleton (D:5)
  4 adders
  2 adder skeletons (D:4)
  4 worms
  9 dart slugs
  An orc (D:3)
  7 ball pythons
  8 endoplasms
  3 giant cockroaches
  12 goblins
  13 hobgoblins
  4 jackals (D:4)
  2 kobolds
  3 quokkas
  6 bats
  4 frilled lizards
  6 rats
96 creatures vanquished.

Vanquished Creatures (others)
  A fungus (D:4)
1 creature vanquished.

Grand Total: 97 creatures vanquished

Notes
Turn   | Place    | Note
-------+----------+-------------------------------------------
     0 | D:1      | Gabide the Human Monk began the quest for the Orb.
     0 | D:1      | Reached XP level 1. HP: 18/18 MP: 1/1
   263 | D:1      | Reached XP level 2. HP: 20/24 MP: 2/2
   768 | D:1      | Found a faded altar of an unknown god.
  1169 | D:1      | Prayed at the altar of an unknown god.
  1169 | D:1      | Became a worshipper of Elyvilon the Healer
  1169 | D:1      | Reached * piety under Elyvilon
  1169 | D:1      | Reached ** piety under Elyvilon
  1204 | D:1      | Reached XP level 3. HP: 19/29 MP: 3/3
  1800 | D:2      | Reached *** piety under Elyvilon
  3078 | D:2      | Reached XP level 4. HP: 35/35 MP: 4/4
  3167 | D:2      | Reached skill level 1 in Invocations
  4752 | D:3      | Reached XP level 5. HP: 42/42 MP: 6/6
  4936 | D:4      | Noticed an ogre
  6631 | D:3      | Reached XP level 6. HP: 43/48 MP: 7/7
  6766 | D:3      | Killed an ogre
  7263 | D:4      | Found a runed translucent door.
  7264 | D:4      | Noticed Crazy Yiuf
  7490 | D:4      | Reached XP level 7. HP: 17/55 MP: 9/9
  8104 | D:4      | Identified the +7 dagger "Nabrabb" {venom, rC+ Dex+7}
  8222 | D:4      | Pacified Crazy Yiuf
  8228 | D:4      | Elyvilon protects you from harm!
  8599 | D:5      | Entered Level 5 of the Dungeon
  9351 | D:5      | Reached skill level 5 in Maces & Flails
  9351 | D:5      | Reached skill level 5 in Dodging
  9472 | D:4      | Mangled by an ogre

Illustrated notes

Levels and vault maps discovered:
D:1:      elethiomel_arrival_maze, layout_basic,
          nicolae_ecumenical_snake_handling, hangedman_glass_teeth
D:2:      layout_loops_ring
D:3:      layout_loops_ring, minmay_goblin_kobold_house
D:4:      kennysheep_slugbush, layout_basic, uniq_crazy_yiuf_cottage
D:5:      layout_gridville, lemuel_doored_altar, item_on_display_a

Skill      XL: |  1  2  3  4  5  6  7 |
---------------+----------------------+-----
Invocations    | 1 2 3 |  3.9
Fighting       | 4 |  4.9
Maces & Flails | 4 5 |  5.0
Dodging        | 4 5 |  5.0
Stealth        | |  2.0

Action                   |  1- 3 |  4- 6 |  7- 9 || total
-------------------------+-------+-------+-------++-------
Melee: Mace              |   117 |   208 |   104 ||   429
       Punch             |     5 |     5 |     2 ||    12
Invok: Heal Other        |     1 |     3 |     1 ||     5
       Heal Self         |       |     3 |     2 ||     5
       Purification      |       |       |     1 ||     1
  Use: Scroll            |       |     3 |     2 ||     5
 Stab: Sleeping          |     2 |     7 |     1 ||    10
Armor: Robe              |    17 |    36 |    17 ||    70
Dodge: Dodged            |    87 |   185 |    88 ||   360
